 Dungeon Crawl Stone Soup version 0.30.0-10-gfe55d96785 (webtiles) character file.

Game seed: 5488008472507613789

8451 adizb the Arsonist (level 10, -6/69 HPs)
             Began as a Demigod Fire Elementalist on May 16, 2023.
             Mangled by a yak (12 damage)
             ... on level 1 of the Lair of Beasts.
             The game lasted 00:51:44 (6308 turns).

adizb the Arsonist (Demigod Fire Elementalist)      Turns: 6308, Time: 00:51:44

Health: -6/69      AC:  9    Str:  9    XL:     10   Next: 84%
Magic:  17/22      EV: 13    Int: 29    God:
Gold:   611        SH:  5    Dex: 14    Spells: 3/20 levels left

rFire   + + .        j - staff of fire
rCold   . . .        i - +0 buckler
rNeg    + . .        o - +4 troll leather armour
rPois   .            (no helmet)
rElec   .            (no cloak)
rCorr   .            s - +0 pair of gloves
SInv    .            (no boots)
Will    +++..        q - amulet of magic regeneration
Stlth   ++           B - ring of Spite {rN+ Will+}
HPRegen 1.11/turn    D - ring of wizardry
MPRegen 0.58/turn

%: wizardry (x1)
@: lethally poisoned (-6 -> -7), about to teleport
A: high MP 1, forlorn, divine attributes, fire resistance 1, strong-willed 1,
sense surroundings 1
a: no special abilities


You were on level 1 of the Lair of Beasts.
You visited 2 branches of the dungeon, and saw 9 of its levels.
You also visited: Sewer.

You collected 611 gold pieces.

Inventory:

Hand Weapons
 g - a +0 whip
Missiles
 I - a throwing net
Armour
 i - a +0 buckler (worn)
 o - a +4 troll leather armour (worn)
 r - a +0 kite shield
 s - a +0 pair of gloves (worn)
Magical Staves
 j - a staff of fire (weapon)
Jewellery
 d - a +6 ring of strength
 e - a +6 ring of strength
 q - an amulet of magic regeneration (around neck)
 B - the ring of Spite (left hand) {rN+ Will+}
   (You found it on level 4 of the Dungeon)

   [ring of willpower]

   rN:        It protects you from negative energy.
   Will:      It increases your willpower.
 D - a ring of wizardry (right hand)
Wands
 m - a wand of charming (9)
 y - a wand of roots (29)
 E - a wand of flame (38)
 F - a wand of mindburst (12)
Scrolls
 h - 5 scrolls of vulnerability
 p - a scroll of fog
 v - 2 scrolls of amnesia
 x - 2 scrolls of poison
 A - a scroll of teleportation
 C - 2 scrolls of magic mapping {unknown}
 G - a scroll of enchant weapon
 H - a scroll of noise {unknown}
Potions
 a - 3 potions of resistance
 c - 2 potions of might
 f - 6 potions of lignification
 k - 2 potions of attraction {unknown}
 n - 2 potions of haste {unknown}
 t - a potion of degeneration {unknown}
 u - a potion of mutation
 w - a potion of brilliance {unknown}
 z - 3 potions of curing {unknown}
 J - a potion of invisibility {unknown}
Miscellaneous
 b - a condenser vane


   Skills:
 + Level 3.9 Armour
 + Level 6.0 Dodging
 - Level 1.7 Stealth
 + Level 3.2 Shields
 + Level 5.5 Spellcasting
 * Level 8.0 Conjurations
 + Level 3.4 Summonings
 * Level 8.5 Fire Magic
 + Level 3.3 Ice Magic


You had 3 spell levels left.
You knew the following spells:

 Your Spells              Type           Power      Damage    Failure   Level
a - Foxfire               Conj/Fire      100%       2x1d9     1%          1
b - Scorch                Fire           100%       2d9       1%          2
c - Flame Wave            Conj/Fire      71%        2d16      1%          4
d - Summon Ice Beast      Ice/Summ       27%        N/A       12%         4
e - Starburst             Conj/Fire      35%        6d10      24%         6

Your spell library contained the following spells:

 Spells                   Type           Power      Damage    Failure   Level
 Magic Dart               Conj           100%       1d8       1%          1
 Call Imp                 Summ           54%        N/A       1%          2
 Dazzling Flash           Conj/Hex       62%        N/A       2%          3
 Inner Flame              Hex/Fire       49%        N/A       2%          3
 Stone Arrow              Conj/Erth      62%        3d10      2%          3
 Volatile Blastmotes      Fire/Tloc      98%        2d18      2%          3
 Ensorcelled Hibernation  Hex/Ice        34%        N/A       3%          2
 Frozen Ramparts          Ice            54%        1d9       3%          3
 Necrotise                Necr           28%        1d5       4%          1
 Sandblast                Erth           14%        2d6       4%          1
 Mephitic Cloud           Conj/Pois/Air  23%        N/A       4%          3
 Summon Guardian Golem    Hex/Summ       17%        N/A       7%          3
 Lesser Beckoning         Tloc           14%        N/A       8%          2
 Passwall                 Tmut/Erth      5%         N/A       8%          2
 Gell's Gravitas          Tloc           7%         N/A       14%         3
 Swiftness                Air            7%         N/A       14%         3
 Teleport Other           Tloc           7%         N/A       14%         3
 Vampiric Draining        Necr           7%         2d6       14%         3
 Vhi's Electric Charge    Tloc/Air       14%        N/A       14%         3
 Iskenderun's Mystic Bla  Conj/Tloc      31%        2d8       9%          4
 Ice Form                 Ice/Tmut       17%        N/A       24%         4
 Animate Dead             Necr           7%         N/A       41%         4
 Agony                    Necr           7%         N/A       75%         5
 Orb of Destruction       Conj           26%        9d9       78%         7
 Spellforged Servitor     Conj/Summ      20%        N/A       97%         7
 Haunt                    Necr/Summ      8%         N/A       100%        7
 Infestation              Necr           3%         N/A       100%        8
 Maxwell's Capacitive Co  Air            3%         ∞         100%        8


Dungeon Overview and Level Annotations

Branches:
Dungeon (8/15)             Temple (0/1) D:5            Lair (1/5) D:8
  Sewer (visited)


Innate Abilities, Weirdness & Mutations

You have an increased reservoir of magic. (+10% MP)
You shall have no god before yourself.
Your divine heritage dramatically boosts your attributes as you level up.
Your flesh is heat resistant. (rF+)
You are strong-willed. (Will+)
You passively map a small area around you.


Message History

The cane toad poisons you!
Your ice beast hits the cane toad but does no damage.
Casting: Foxfire (safe; 1% risk of failure)
Press: ? - help, Q - select action, (/) - cycle Dir - look around, f - activate You feel a surge of power!
You conjure some foxfire!
You feel extremely sick.
The yak gores your ice beast but does no damage.
The cane toad stings you!
The water moccasin barely misses your ice beast.
Your ice beast hits the cane toad.
Your ice beast freezes the cane toad!
The cane toad dies!
You feel extremely sick.
The foxfire hits the yak.
The yak is burned terribly!
The yak is heavily wounded.
The foxfire hits the water moccasin.
The water moccasin is lightly wounded.
The water moccasin bites your ice beast.
The yak gores your ice beast!
Your ice beast barely misses the water moccasin.
* * * LOW HITPOINT WARNING * * *
You feel very sick.
The water moccasin bites your ice beast. x2
Your ice beast closely misses the water moccasin.
Okay, then.
You feel very sick.
The water moccasin bites your ice beast but does no damage.
Your ice beast completely misses the water moccasin.
You feel very sick. The yak barely misses your ice beast.
Your ice beast hits the water moccasin.
Your ice beast freezes the water moccasin!
You feel very sick.
The yak is no longer more vulnerable to fire.
You feel sick.
You feel sick.
You feel sick.
As you read the scroll labelled ASTUPN SEAFF, it crumbles to dust.
You feel strangely unstable.
It was a scroll of teleportation.
You feel sick. The yak attacks as you move away! You block the yak's attack.
You feel sick. The yak attacks as you move away! The yak gores you!
You die...

...#.######.##..>.....##
...................Y...#
#.+#...............SYY.#
............# ,*#.Y##
..........[.# * #.S.#
............# ##.##
............# #.#
............#########.#
................@Y..Y.#
.##...#########.#.S#.##
####### ########


You could see a yak, a water moccasin (ally target) and a friendly ice beast
(summoned).

Vanquished Creatures
  A deep elf pyromancer (D:7)
  5 elephants (Lair:1)
  A black mamba (Lair:1)
  Maggie (D:6)
  2 wyverns
  3 yaks (Lair:1)
  2 basilisks (Lair:1)
  Grum (Lair:1)
  Eustachio (D:4)
  2 steam dragons
  An acid dragon (D:8)
  3 ice beasts
  A sky beast (D:6)
  2 black bears
  4 centaurs
  2 wolves (Lair:1)
  An ogre (D:5)
  2 phantoms
  2 kobold brigands
  8 bullfrogs
  4 scorpions
  A gnoll sergeant (D:6)
  3 hounds
  5 orc priests
  A jelly (D:6)
  A gnoll bouda (D:8)
  3 sleepcaps
  Ijyb (D:4)
  Natasha (thrice) (D:4)
  3 iguanas
  4 orc wizards
  8 adders
  13 gnolls
  2 river rats (Sewer)
  A shadow imp (D:6)
  A white imp (D:8)
  An ufetubus (D:5)
  A worm (D:2)
  2 dart slugs
  27 orcs
  14 ball pythons
  8 endoplasms
  8 giant cockroaches
  7 goblins
  10 hobgoblins
  13 jackals
  15 kobolds
  3 quokkas (D:1)
  5 bats
  4 frilled lizards
  17 rats
234 creatures vanquished.

Vanquished Creatures (collateral kills)
  A cane toad (Lair:1)
  A komodo dragon (Lair:1)
  A bullfrog (D:7)
  A howler monkey (D:8)
  A hound (D:7)
  A shadow imp (D:8)
  2 orcs (D:7)
8 creatures vanquished.

Vanquished Creatures (others)
  A vampire (D:5)
  464 foxfires
465 creatures vanquished.

Grand Total: 707 creatures vanquished

Notes
Turn   | Place    | Note
-------+----------+-------------------------------------------
     0 | D:1      | adizb the Demigod Fire Elementalist began the quest for the
                  | Orb.
     0 | D:1      | Reached XP level 1. HP: 14/14 MP: 5/5
   129 | D:1      | Reached skill level 1 in Conjurations
   198 | D:1      | Reached XP level 2. HP: 19/20 MP: 1/7
   305 | D:1      | Learned a level 2 spell: Scorch
   453 | D:1      | Reached XP level 3. HP: 26/26 MP: 3/8
  1325 | D:2      | Reached XP level 4. HP: 33/33 MP: 4/10
  1740 | D:3      | Found a glowing drain.
  1749 | Sewer    | Entered a sewer
  1785 | Sewer    | Noticed a kobold brigand
  1791 | Sewer    | Killed a kobold brigand
  1792 | Sewer    | Reached XP level 5. HP: 36/38 MP: 5/11
  2229 | D:3      | Identified the +7 rapier of Imichoh {pain, rElec rPois
                  | Int-5}
  2374 | D:4      | Identified the ring of Spite {rN+ Will+}
  2451 | D:4      | Reached XP level 6. HP: 45/45 MP: 8/13
  2519 | D:4      | Noticed Ijyb
  2528 | D:4      | Killed Ijyb
  2563 | D:4      | Learned a level 4 spell: Flame Wave
  2750 | D:4      | Noticed Eustachio
  2767 | D:4      | Killed Eustachio
  2768 | D:4      | Reached XP level 7. HP: 50/50 MP: 11/15
  2943 | D:4      | Reached skill level 5 in Fire Magic
  2972 | D:4      | Noticed Natasha
  2975 | D:4      | Killed Natasha
  2978 | D:4      | Noticed Natasha
  2986 | D:4      | Killed Natasha
  3064 | D:5      | Entered Level 5 of the Dungeon
  3064 | D:5      | Noticed a vampire
  3093 | D:4      | Noticed Natasha
  3098 | D:4      | Killed Natasha
  3173 | D:5      | Gained mutation: You passively map a small area around you.
                  | [potion of mutation]
  3173 | D:5      | Gained mutation: Your flesh is heat resistant. (rF+)
                  | [potion of mutation]
  3173 | D:5      | Gained mutation: You are strong-willed. (Will+) [potion of
                  | mutation]
  3437 | D:5      | Found a staircase to the Ecumenical Temple.
  3495 | D:5      | Reached skill level 5 in Conjurations
  3499 | D:5      | Reached XP level 8. HP: 57/57 MP: 11/17
  3903 | D:6      | Reached skill level 1 in Armour
  4109 | D:6      | Learned a level 4 spell: Summon Ice Beast
  4169 | D:6      | Noticed Maggie
  4176 | D:6      | Killed Maggie
  4208 | D:6      | Reached XP level 9. HP: 38/62 MP: 2/19
  4381 | D:6      | Reached skill level 5 in Dodging
  4381 | D:6      | Reached skill level 1 in Summonings
  4381 | D:6      | Reached skill level 1 in Ice Magic
  4601 | D:7      | Reached skill level 1 in Shields
  4804 | D:7      | Noticed a deep elf pyromancer
  4810 | D:7      | Killed a deep elf pyromancer
  5455 | D:8      | Learned a level 6 spell: Starburst
  5568 | D:8      | Got the Vademecum on the Violent Squall
  5576 | D:8      | Reached skill level 5 in Spellcasting
  5965 | D:8      | Found a staircase to the Lair.
  5970 | Lair:1   | Entered Level 1 of the Lair of Beasts
  5970 | Lair:1   | Noticed a komodo dragon
  5976 | Lair:1   | Noticed a black mamba
  5981 | Lair:1   | Killed a komodo dragon
  5982 | Lair:1   | Reached XP level 10. HP: 22/69 MP: 9/21
  6039 | Lair:1   | Killed a black mamba
  6041 | Lair:1   | Noticed an elephant
  6042 | Lair:1   | Noticed an elephant
  6045 | Lair:1   | Noticed an elephant
  6049 | Lair:1   | Noticed an elephant
  6050 | Lair:1   | Noticed an elephant
  6055 | Lair:1   | Killed an elephant
  6068 | Lair:1   | Killed an elephant
  6069 | Lair:1   | Killed an elephant
  6072 | Lair:1   | Killed an elephant
  6073 | Lair:1   | Killed an elephant
  6084 | Lair:1   | Noticed Grum
  6149 | Lair:1   | Killed Grum
  6158 | Lair:1   | Identified the +1 chain mail of Lugonu's Favour {Harm rPois
                  | Dex+3 Stlth-}
  6308 | Lair:1   | Mangled by a yak

Illustrated notes

Levels and vault maps discovered:
D:1:      eino_arrival_cavern_a, layout_basic
D:2:      layout_basic
D:3:      layout_rooms, portal_sewer_entry_e, amcnicky_mini_corridor_feature
D:4:      layout_basic, mainiacjoe_overflow_alcove_2, minmay_crystal_room,
          uniq_eustachio, uniq_ijyb, uniq_natasha
D:5:      layout_gridville, lightli_temple_of_fire, minmay_temple_entry_arrows
D:6:      layout_basic, nicolae_overflow_hidden_temple, nicolae_hexahallways,
          uniq_maggie
D:7:      layout_basic, marbit_many_paths, mainiacjoe_overflow_small_starburst,
          dreamdust_wishing_well, guppyfry_early_elven_hall
D:8:      layout_loops_ring, lair_entry_dummy, grunt_ministairs_1
Lair:1:   layout_chaotic_city, nicolae_quartered_pool_little,
          infiniplex_staircase_pool_2, serial_bayou_shore_a, uniq_grum

Skill      XL: |  1  2  3  4  5  6  7  8  9 10 |
---------------+-------------------------------+-----
Conjurations   | 1 2 3 4 5 6 7 8 |  8.0
Dodging        | 2 3 4 5 6 |  6.0
Spellcasting   | 2 3 4 5 |  5.5
Fire Magic     | 3 4 5 6 7 8 |  8.5
Armour         | 1 3 |  3.9
Summonings     | 2 3 |  3.4
Ice Magic      | 2 3 |  3.3
Shields        | 2 3 |  3.2
Stealth        | |  1.7

Action                     |  1- 3 |  4- 6 |  7- 9 | 10-12 || total
---------------------------+-------+-------+-------+-------++-------
  Melee: Whip              |    97 |     7 |    23 |       ||   127
         Unarmed           |     1 |       |       |       ||     1
         Punch             |     1 |       |     1 |       ||     2
         Staff             |       |       |    38 |     2 ||    40
   Cast: Foxfire           |    69 |    84 |    96 |    20 ||   269
         Scorch            |     7 |     9 |   132 |     9 ||   157
         Flame Wave        |       |       |     9 |     8 ||    17
         Summon Ice Beast  |       |       |     6 |     3 ||     9
  Evoke: Wand              |       |       |       |     3 ||     3
    Use: Scroll            |       |     8 |     6 |     3 ||    17
         Potion            |       |       |     1 |     7 ||     8
 Armour: Robe              |    21 |       |       |       ||    21
         Troll leather arm |    11 |     7 |    64 |    20 ||   102
  Dodge: Dodged            |   100 |    24 |   104 |    56 ||   284
  Block: Buckler           |       |       |       |     2 ||     2
